MAA
SAN BERNARDINO GRASSHOPPERS @ NORTONVILLE CHEROKEES
09/19/2019
 
TOP OF THE 1ST
San Bernardino Grasshoppers batting - Pitching for Nortonville Cherokees : LHP Albert García
Pitching: LHP Albert García
Batting: RHB Manny Carbajal 0-0: Foul Ball, location: 2F
0-1: Foul Ball, location: 2F
0-2: Strikes out looking
Batting: RHB Justin Roberts 0-0: Called Strike
0-1: Ball
1-1: Ball
2-1: Called Strike
2-2: Strikes out looking
Batting: RHB Shawn Hicks 0-0: Swinging Strike
0-1: Foul Ball, location: 2F
0-2: Ball
1-2: Strikes out swinging
Top of the 1st over - 0 run(s), 0 hit(s), 0 error(s), 0 left on base; San Bernardino 0 - Nortonville 0
BOTTOM OF THE 1ST
Nortonville Cherokees batting - Pitching for San Bernardino Grasshoppers : RHP Eric Clark
Pitching: RHP Eric Clark
Batting: RHB Víctor López 0-0: Ball
1-0: Bunt missed!
1-1: SINGLE (Line Drive, 56)
Batting: RHB Javier Chávez 0-0: Called Strike
0-1: Swinging Strike
0-2: Grounds into double play, 1-4-3 (Groundball, 15)
Batting: LHB Sergio Muñóz 0-0: Ground out 4-3 (Groundball, 4)
Bottom of the 1st over - 0 run(s), 1 hit(s), 0 error(s), 0 left on base; San Bernardino 0 - Nortonville 0
TOP OF THE 2ND
San Bernardino Grasshoppers batting - Pitching for Nortonville Cherokees : LHP Albert García
Batting: RHB Reggie Kahn 0-0: Called Strike
0-1: Called Strike
0-2: Ground out 6-3 (Groundball, 6)
Batting: RHB Alfonso Enríquez 0-0: Ball
1-0: Ball
2-0: Called Strike
2-1: Foul Ball, location: 2F
2-2: Hit by Pitch
Batting: RHB Sergio Ortíz 0-0: Ball
1-0: Ball
2-0: Called Strike
2-1: Called Strike
2-2: SINGLE (Flyball, 6MD)
Alfonso Enríquez to second
Batting: RHB Alfonso López 0-0: Called Strike
0-1: Ball
1-1: Fly out, F9 (Flyball, 9M)
Batting: LHB Jesús Reyes 0-0: Fly out, F8 (Flyball, 8LM)
Top of the 2nd over - 0 run(s), 1 hit(s), 0 error(s), 2 left on base; San Bernardino 0 - Nortonville 0
BOTTOM OF THE 2ND
Nortonville Cherokees batting - Pitching for San Bernardino Grasshoppers : RHP Eric Clark
Batting: LHB Sam Good 0-0: Ball
1-0: Called Strike
1-1: Foul Ball, location: 2F
1-2: Strikes out swinging
Batting: RHB Chris Oudekirk 0-0: Ball
1-0: Called Strike
1-1: Ball
2-1: Foul Ball, location: 2F
2-2: Foul Ball, location: 2F
2-2: Fly out, F7 (Flyball, 7M)
Batting: RHB Paco Vásquez 0-0: Ball
1-0: Foul Ball, location: 2F
1-1: Fly out, F9 (Flyball, 8RM)
Bottom of the 2nd over - 0 run(s), 0 hit(s), 0 error(s), 0 left on base; San Bernardino 0 - Nortonville 0
TOP OF THE 3RD
San Bernardino Grasshoppers batting - Pitching for Nortonville Cherokees : LHP Albert García
Batting: RHB José Paz 0-0: Bunt for hit - play at first, batter OUT! 5-3
Batting: RHB Manny Carbajal 0-0: Ball
1-0: Called Strike
1-1: Foul Ball, location: 2F
1-2: Foul Ball, location: 2F
1-2: SINGLE (Flyball, 9S)
Batting: RHB Justin Roberts 0-0: Called Strike
0-1: Foul Ball, location: 2F
0-2: Ball
1-2: Foul Ball, location: 2F
1-2: Foul Ball, location: 2F
1-2: Foul Ball, location: 2F
1-2: Strikes out swinging
Batting: RHB Shawn Hicks 0-0: Ball
Manny Carbajal steals 2nd base
1-0: Swinging Strike
1-1: Ground out 1-3 (Groundball, 13S)
Top of the 3rd over - 0 run(s), 1 hit(s), 0 error(s), 1 left on base; San Bernardino 0 - Nortonville 0
BOTTOM OF THE 3RD
Nortonville Cherokees batting - Pitching for San Bernardino Grasshoppers : RHP Eric Clark
Batting: RHB Edén Mont 0-0: Fly out, F7 (Line Drive, 78S)
Batting: LHB Sean Booth 0-0: Called Strike
0-1: Ball
1-1: Ball
2-1: Foul Ball, location: 2F
2-2: Fly out, F6 (Popup, 6M)
Batting: RHB Armando Alvarado 0-0: Hit by Pitch
Batting: RHB Víctor López 0-0: Ball
1-0: Ball
Balk!
Armando Alvarado to second
2-0: Ball
3-0: Base on Balls
Batting: RHB Javier Chávez 0-0: Ball
1-0: Fly out, F9 (Flyball, 9M)
Bottom of the 3rd over - 0 run(s), 0 hit(s), 0 error(s), 2 left on base; San Bernardino 0 - Nortonville 0
TOP OF THE 4TH
San Bernardino Grasshoppers batting - Pitching for Nortonville Cherokees : LHP Albert García
Batting: RHB Reggie Kahn 0-0: Called Strike
0-1: Ball
1-1: Swinging Strike
1-2: Foul Ball, location: 2F
1-2: Ball
2-2: Ball
3-2: SINGLE (Groundball, 56D)
Batting: RHB Alfonso Enríquez 0-0: Ball
1-0: Fly out, F8 (Flyball, 8RM)
Batting: RHB Sergio Ortíz 0-0: Foul Ball, location: 2F
0-1: Fly out, F6 (Line Drive, 6D)
Batting: RHB Alfonso López 0-0: Ball
1-0: Called Strike
1-1: Ball
2-1: Ball
3-1: SINGLE (Groundball, 4M)
Reggie Kahn to second
Batting: LHB Jesús Reyes 0-0: Called Strike
0-1: Ball
1-1: Ball
2-1: Swinging Strike
2-2: Ball
3-2: Base on Balls
Reggie Kahn to third
Alfonso López to second
Batting: RHB José Paz 0-0: Ball
1-0: Ball
2-0: Ball
3-0: Base on Balls
Reggie Kahn scores
Alfonso López to third
Jesús Reyes to second
Batting: RHB Manny Carbajal 0-0: Called Strike
0-1: Foul Ball, location: 2F
0-2: Ball
1-2: Ball
2-2: Foul Ball, location: 2F
2-2: Fly out, F8 (Flyball, 8LM)
Top of the 4th over - 1 run(s), 2 hit(s), 0 error(s), 3 left on base; San Bernardino 1 - Nortonville 0
BOTTOM OF THE 4TH
Nortonville Cherokees batting - Pitching for San Bernardino Grasshoppers : RHP Eric Clark
Batting: LHB Sergio Muñóz 0-0: Ball
1-0: Called Strike
1-1: Ball
2-1: SINGLE (Line Drive, 3D)
Batting: LHB Sam Good 0-0: Called Strike
0-1: Foul Ball, location: 2F
0-2: Ball
1-2: Foul Ball, location: 2F
1-2: Foul Ball, location: 2F
1-2: Ball
2-2: Ball
3-2: Ground out 4-3 (Groundball, 4M)
Sergio Muñóz to second
Batting: RHB Chris Oudekirk 0-0: SINGLE (Groundball, 56)
Sergio Muñóz to third
Batting: RHB Paco Vásquez 0-0: Called Strike
0-1: TRIPLE (Flyball, 78M)
Sergio Muñóz scores
Chris Oudekirk scores
Batting: RHB Edén Mont 0-0: Ground out 5-3 (Groundball, 5S)
Batting: LHB Sean Booth 0-0: Fly out, F6 (Popup, 5DF)
Bottom of the 4th over - 2 run(s), 3 hit(s), 0 error(s), 1 left on base; San Bernardino 1 - Nortonville 2
TOP OF THE 5TH
San Bernardino Grasshoppers batting - Pitching for Nortonville Cherokees : LHP Albert García
Batting: RHB Justin Roberts 0-0: Ball
1-0: Ball
2-0: SINGLE (Line Drive, 8LS)
Batting: RHB Shawn Hicks 0-0: Ball
1-0: Called Strike
1-1: Foul Ball, location: 2F
1-2: Ball
2-2: Strikes out swinging
Batting: RHB Reggie Kahn 0-0: Ball
1-0: Ball
2-0: Ball
3-0: Called Strike
3-1: Fielders Choice at 2nd, 5-4 (Groundball, 56)
Now at 2B: Armando González
Batting: RHB Alfonso Enríquez 0-0: Called Strike
0-1: Swinging Strike
0-2: Ball
Wild Pitch!
Reggie Kahn to second
1-2: Strikes out looking
Top of the 5th over - 0 run(s), 1 hit(s), 0 error(s), 1 left on base; San Bernardino 1 - Nortonville 2
BOTTOM OF THE 5TH
Nortonville Cherokees batting - Pitching for San Bernardino Grasshoppers : RHP Eric Clark
Batting: RHB Armando Alvarado 0-0: Ball
1-0: Called Strike
1-1: Foul Ball, location: 2F
1-2: Strikes out swinging
Batting: RHB Víctor López 0-0: Called Strike
0-1: Ball
1-1: SINGLE (Groundball, 34)
Batting: RHB Javier Chávez 0-0: Ball
1-0: Called Strike
1-1: Fly out, F3 (Popup, 3DF)
Batting: LHB Sergio Muñóz 0-0: Called Strike
0-1: Called Strike
0-2: Strikes out swinging
Bottom of the 5th over - 0 run(s), 1 hit(s), 0 error(s), 1 left on base; San Bernardino 1 - Nortonville 2
TOP OF THE 6TH
San Bernardino Grasshoppers batting - Pitching for Nortonville Cherokees : LHP Albert García
Batting: RHB Sergio Ortíz 0-0: Called Strike
0-1: Ball
1-1: Ball
2-1: Foul Ball, location: 2F
2-2: Strikes out swinging
Batting: RHB Alfonso López 0-0: Ball
1-0: Ball
2-0: Foul Ball, location: 2F
2-1: Fly out, F9 (Flyball, 89S)
Batting: LHB Jesús Reyes 0-0: Swinging Strike
0-1: Ball
1-1: SOLO HOME RUN (Flyball, 89XD), Distance : 385 ft
Batting: RHB José Paz 0-0: Fly out, F7 (Flyball, 78M)
Top of the 6th over - 1 run(s), 1 hit(s), 0 error(s), 0 left on base; San Bernardino 2 - Nortonville 2
BOTTOM OF THE 6TH
Nortonville Cherokees batting - Pitching for San Bernardino Grasshoppers : RHP Eric Clark
Batting: LHB Sam Good 0-0: Hit by Pitch
Batting: RHB Armando González 0-0: Called Strike
0-1: Called Strike
0-2: Ball
1-2: Foul Ball, location: 2F
1-2: Strikes out swinging
Batting: RHB Paco Vásquez 0-0: Called Strike
0-1: 2-RUN HOME RUN (Flyball, 8RXD), Distance : 435 ft
Batting: RHB Edén Mont 0-0: Ball
1-0: Fly out, F5 (Popup, 5L)
Batting: LHB Sean Booth 0-0: Called Strike
0-1: Ball
1-1: Called Strike
1-2: Ball
2-2: Foul Ball, location: 2F
2-2: Fly out, F3 (Line Drive, 3S)
Bottom of the 6th over - 2 run(s), 1 hit(s), 0 error(s), 0 left on base; San Bernardino 2 - Nortonville 4
TOP OF THE 7TH
San Bernardino Grasshoppers batting - Pitching for Nortonville Cherokees : LHP Albert García
Pitching: RHP Carlos Valentín
Batting: RHB Manny Carbajal 0-0: Ball
1-0: Ball
2-0: DOUBLE (Flyball, 78XD)
Batting: RHB Justin Roberts 0-0: Called Strike
0-1: 2-RUN HOME RUN (Flyball, 7D), Distance : 409 ft
Pitching: RHP Roberto Cabrera
Batting: RHB Shawn Hicks 0-0: Ball
1-0: DOUBLE (Flyball, 9LM)
Pinch Hitting: LHB Luis Costello 0-0: Intentional Walk
Pinch Hitting: RHB Jim Unknown 0-0: Ball
1-0: Swinging Strike
1-1: Swinging Strike
1-2: Strikes out swinging
Pinch Hitting: RHB Jack O'Brien 0-0: Ball
1-0: Swinging Strike
1-1: Foul Ball, location: 2F
1-2: Strikes out looking
Pinch Hitting: SHB Joreão Canosa 0-0: SINGLE (Line Drive, 78S)
Shawn Hicks to third
Luis Costello to second
Runner from 3rd tries for Home, SAFE, no throw or cutoff
Batting: LHB Jesús Reyes 0-0: Foul Ball, location: 2F
0-1: Fly out, F8 (Flyball, 8RM)
Top of the 7th over - 3 run(s), 4 hit(s), 0 error(s), 2 left on base; San Bernardino 5 - Nortonville 4
BOTTOM OF THE 7TH
Nortonville Cherokees batting - Pitching for San Bernardino Grasshoppers : RHP Eric Clark
Now at 1B: Jack O'Brien
Now at 3B: Luis Costello
Now in LF: Jim Unknown
Now in CF: Tomás Morán
Batting: RHB Armando Alvarado 0-0: Ball
1-0: Called Strike
1-1: Foul Ball, location: 2F
1-2: Ball
2-2: Strikes out swinging
Batting: RHB Víctor López 0-0: Ground out 6-3 (Groundball, 6)
Batting: RHB Javier Chávez 0-0: Called Strike
0-1: Foul Ball, location: 2F
0-2: Ball
1-2: Strikes out swinging
Bottom of the 7th over - 0 run(s), 0 hit(s), 0 error(s), 0 left on base; San Bernardino 5 - Nortonville 4
TOP OF THE 8TH
San Bernardino Grasshoppers batting - Pitching for Nortonville Cherokees : RHP Roberto Cabrera
Batting: RHB José Paz 0-0: Foul Ball, location: 2F
0-1: Ball
1-1: Swinging Strike
1-2: Ball
2-2: Strikes out swinging
Batting: RHB Manny Carbajal 0-0: Ball
1-0: SOLO HOME RUN (Line Drive, 7D), Distance : 415 ft
Pitching: RHP Jim Unknown
Batting: RHB Justin Roberts 0-0: Ball
1-0: Foul Ball, location: 2F
1-1: Foul Ball, location: 2F
1-2: Ball
2-2: Ground out 1-3 (Groundball, 23)
Batting: RHB Shawn Hicks 0-0: Called Strike
0-1: Ball
1-1: Called Strike
1-2: Ball
2-2: Strikes out swinging
Top of the 8th over - 1 run(s), 1 hit(s), 0 error(s), 0 left on base; San Bernardino 6 - Nortonville 4
BOTTOM OF THE 8TH
Nortonville Cherokees batting - Pitching for San Bernardino Grasshoppers : RHP Eric Clark
Now at C: Ron Clark
Batting: LHB Sergio Muñóz 0-0: Ball
1-0: Foul Ball, location: 2F
1-1: Ground out U3 (Groundball, 3L)
Batting: LHB Sam Good 0-0: Called Strike
0-1: Swinging Strike
0-2: Fly out, F7 (Flyball, 7LM)
Batting: RHB Armando González 0-0: Ball
1-0: Ball
2-0: Called Strike
2-1: Foul Ball, location: 2F
2-2: Foul Ball, location: 2F
2-2: Ball
3-2: Base on Balls
Pitching: RHP César Rivera
Batting: RHB Paco Vásquez 0-0: Ground out 2-3 (Groundball, 23)
Bottom of the 8th over - 0 run(s), 0 hit(s), 0 error(s), 1 left on base; San Bernardino 6 - Nortonville 4
TOP OF THE 9TH
San Bernardino Grasshoppers batting - Pitching for Nortonville Cherokees : RHP Jim Unknown
Pitching: LHP Jim Unknown
Batting: LHB Luis Costello 0-0: Ball
1-0: Swinging Strike
1-1: Swinging Strike
1-2: Strikes out swinging
Pitching: LHP Santiago Mesa
Batting: RHB Jim Unknown 0-0: Swinging Strike
0-1: Called Strike
0-2: SINGLE (Groundball, 4M)
Batting: RHB Jack O'Brien 0-0: Called Strike
0-1: Ball
1-1: Grounds into double play, 5-4-3 (Groundball, 56)
Top of the 9th over - 0 run(s), 1 hit(s), 0 error(s), 0 left on base; San Bernardino 6 - Nortonville 4
BOTTOM OF THE 9TH
Nortonville Cherokees batting - Pitching for San Bernardino Grasshoppers : RHP César Rivera
Pitching: RHP Alonso Cruz
Batting: RHB Edén Mont 0-0: Ground out 4-3 (Groundball, 4)
Batting: LHB Sean Booth 0-0: Called Strike
0-1: Ball
1-1: Called Strike
1-2: Hit by Pitch
Pinch Hitting: RHB Claudio Torres 0-0: Ball
1-0: Ball
2-0: Ball
3-0: Called Strike
3-1: Called Strike
3-2: Foul Ball, location: 2F
3-2: Base on Balls
Sean Booth to second
Pinch Hitting: RHB Jean Lemaire 0-0: Ball
1-0: Called Strike
1-1: Ball
2-1: Foul Ball, location: 2F
2-2: Ball
3-2: Foul Ball, location: 2F
3-2: Base on Balls
Sean Booth to third
Claudio Torres to second
Pinch Hitting: RHB Lane Hancock 0-0: Ball
1-0: Foul Ball, location: 2F
1-1: Fly out, F6 (Popup, 6M)
Batting: LHB Sergio Muñóz 0-0: Foul Ball, location: 2F
0-1: Ball
1-1: Ball
2-1: Foul Ball, location: 2F
2-2: SINGLE (Groundball, 56D)
Sean Booth scores
Claudio Torres to third
Jean Lemaire to second
Runner from 3rd tries for Home, SAFE, no throw or cutoff
Pitching: LHP Geoffrey Francis
Pinch Runner at 2nd Thomas Morris:
Pinch Hitting: RHB Tom Tracy 0-0: Fly out, F8 (Popup, 6MD)
Bottom of the 9th over - 2 run(s), 1 hit(s), 0 error(s), 2 left on base; San Bernardino 6 - Nortonville 6
TOP OF THE 10TH
San Bernardino Grasshoppers batting - Pitching for Nortonville Cherokees : LHP Santiago Mesa
Now at 1B: Lane Hancock
Now at 2B: Jim Unknown
Now in LF: Tom Tracy
Now in CF: Thomas Morris
Pinch Hitting: RHB Mike Alford 0-0: Ground out 4-3 (Groundball, 4M)
Batting: LHB Jesús Reyes 0-0: Ground out 6-3 (Groundball, 6)
Pinch Hitting: RHB Jackson Shewman 0-0: Ball
1-0: Called Strike
1-1: Ball
2-1: Foul Ball, location: 2F
2-2: Ball
3-2: Foul Ball, location: 2F
3-2: Base on Balls
Batting: RHB Manny Carbajal 0-0: Called Strike
0-1: Ball
1-1: Ball
2-1: Ground out 6-3 (Groundball, 6)
Top of the 10th over - 0 run(s), 0 hit(s), 0 error(s), 1 left on base; San Bernardino 6 - Nortonville 6
BOTTOM OF THE 10TH
Nortonville Cherokees batting - Pitching for San Bernardino Grasshoppers : LHP Geoffrey Francis
Now at 2B: Jackson Shewman
Now in RF: Edgar García
Pinch Hitting: RHB Louie McNeil 0-0: Called Strike
0-1: Ball
1-1: Fly out, F7 (Flyball, 7M)
Batting: RHB Paco Vásquez 0-0: Ball
1-0: Swinging Strike
1-1: Ball
2-1: SINGLE (Flyball, 6MD)
Batting: RHB Edén Mont 0-0: Fly out, F9 (Flyball, 9M)
Pinch Hitting: RHB Bob MacGruder 0-0: Called Strike
0-1: Ball
1-1: Foul Ball, location: 2F
1-2: Ball
2-2: Ball
3-2: Foul Ball, location: 2F
3-2: Base on Balls
Paco Vásquez to second
Batting: SHB Jim Unknown 0-0: Called Strike
0-1: Ball
1-1: Ball
2-1: Swinging Strike
2-2: Foul Ball, location: 2F
2-2: Ball
3-2: Base on Balls
Paco Vásquez to third
Bob MacGruder to second
Batting: RHB Thomas Morris 0-0: Ball
1-0: Foul Ball, location: 2F
1-1: Ball
2-1: Foul Ball, location: 2F
2-2: SINGLE (Flyball, 8RS)
Paco Vásquez scores
This league is powered by Out of the Park Baseball, the baseball management simulation game for PC, Mac and Linux
Saturday, July 25th, 2015 - OOTP Baseball 15.6 Build 34